 Dungeon Crawl Stone Soup version 0.28.0-62-gf88900778d (webtiles) character file.

Game seed: 8637553360876924870

147 Coron the Sneak (level 5, -23/50 HPs)
             Began as a Deep Dwarf Delver on Mar 10, 2023.
             Was a Believer of Lugonu.
             Annihilated by an ogre
             ... wielding a +0 giant club
              (30 damage)
             ... on level 3 of the Dungeon.
             The game lasted 00:08:19 (2491 turns).

Coron the Sneak (Deep Dwarf Delver)                 Turns: 2491, Time: 00:08:22

Health: -23/50     AC:  6    Str: 18    XL:     5   Next: 8%
Magic:  4/4        EV: 11    Int: 10    God:    Lugonu [**....]
Gold:   131        SH:  0    Dex: 14    Spells: 4/4 levels left

rFire   . . .      SeeInvis .   s - +3 trident "Niteurcho" {flame, rPois}
rCold   . . .      Faith    .   (no shield)
rNeg    . . .      Spirit   .   k - +0 ring mail
rPois   +          Reflect  .   i - +0 helmet
rElec   .          Harm     .   (no cloak)
rCorr   .          Rampage  .   (no gloves)
Will    .....                   (no boots)
Stlth   ++........              (no amulet)
HPRegen 0.00/turn               (no ring)
MPRegen 0.09/turn               (no ring)

@: about to teleport, attractive
A: damage resistance, heal wounds, sense surroundings 1, no regeneration
a: Heal Wounds, Renounce Religion, Depart the Abyss, Bend Space


You were on level 3 of the Dungeon.
You worshipped Lugonu.
Lugonu was pleased with you.
You visited 1 branch of the dungeon, and saw 5 of its levels.

You collected 131 gold pieces.

Inventory:

Hand Weapons
 a - a +0 hand axe
 s - the +3 trident "Niteurcho" (weapon) {flame, rPois}
   (You found it on level 2 of the Dungeon)

   It burns those it strikes, dealing additional fire damage.
   rPois:     It protects you from poison.
Armour
 i - a +0 helmet (worn)
 k - a +0 ring mail (worn)
 t - a +0 scale mail
Jewellery
 b - an amulet of faith
Wands
 g - a wand of digging (3)
Scrolls
 c - a scroll of fog
 d - a scroll of magic mapping
 e - a scroll of fear
 l - a scroll of blinking {unknown}
 o - a scroll of enchant weapon {unknown}
 p - a scroll of noise {unknown}
 r - 2 scrolls of identify
 u - a scroll of immolation {unknown}
Potions
 f - a potion of haste
 j - a potion of cancellation
 m - a potion of mutation
 q - a potion of curing {unknown}
 v - a potion of lignification {unknown}


   Skills:
 - Level 4.0 Fighting
 - Level 3.0 Axes
 + Level 3.3 Armour
 - Level 2.1 Dodging
 - Level 6.0 Stealth


You had 4 spell levels left.
You didn't know any spells.
Your spell library contained the following spells:

 Spells                   Type           Power      Damage    Failure   Level
 Conjure Flame            Conj/Fire      0%         6-21      89%         3
 Ignite Poison            Fire/Tmut/Pois 0%         N/A       89%         3
 Sticky Flame             Conj/Fire      0%         2d3       100%        4
 Conjure Ball Lightning   Conj/Air       0%         3x3d6     100%        6
 Discord                  Hex            0%         N/A       100%        8
 Disjunction              Tloc           0%         N/A       100%        8


Dungeon Overview and Level Annotations

Branches:
Dungeon (5/15)
 Temple: D:4-7

Altars:
Lugonu

Annotations:
D:2 Sigmund
D:4 1 runed translucent door, Crazy Yiuf
D:5 3 runed translucent doors, Jingleheimer's ghost, novice FoFi


Innate Abilities, Weirdness & Mutations

You are resistant to damage.
You can heal yourself by infusing magical energy.
You passively map a small area around you.
You do not regenerate.


Message History

There is a stone staircase leading up here.
The adder closely misses you.
You climb upwards.
There is a stone staircase leading down here.
You hit the adder. You burn the adder.
The adder is heavily wounded.
The adder bites you but does no damage. x2
You closely miss the adder.
The adder is heavily wounded.
The adder bites you but does no damage.
You puncture the adder! You burn the adder.
You kill the adder!
Lugonu accepts your kill.
You see here an adder corpse.
Okay, then.
Things that are here:
a +0 robe; a +0 dagger
There is a stone staircase leading down here.
You climb downwards.
Level annotation: 1 runed translucent door, Crazy Yiuf
There is a stone staircase leading up here.
The jackal bites you but does no damage.
The phantom hits you but does no damage.
The jackal misses you.
The ogre hits you with a +0 giant club!!
Ouch! That really hurt!
* * * LOW HITPOINT WARNING * * *
You climb upwards.
There is a stone staircase leading down here.
As you read the scroll of teleportation, it crumbles to dust.
You feel strangely unstable. The phantom misses you.
The jackal bites you but does no damage.
Okay, then.
It was a potion of attraction.
You feel attractive to monsters. The jackal bites you. The phantom hits you.
* * * LOW HITPOINT WARNING * * *
The ogre hits you with a +0 giant club!!
Ouch! That really hurt!
You die...

## #.# #.......#
.##########.#
###.##.##
#.........#.#####.##.#
.########.........##.#
## #...########.# #
#...########.#
#########............#
...........####hW#####
...######.## #.@#
##.### #.# #.O# .....#
#.# #..# ##.#.# #.#
#..# #.#.# #.#####..#
#.#.# #........#
##.#.##########.##
...#............#
#################


You could see a phantom, an ogre and a jackal.

Vanquished Creatures
  Jessica (D:3)
  Terence (D:2)
  An orc wizard (D:3)
  Robin (D:2)
  2 adders (D:3)
  A dart slug (D:3)
  2 orcs (D:3)
  5 endoplasms
  A giant cockroach (D:3)
  11 goblins
  4 hobgoblins
  A quokka (D:2)
  3 ball pythons (D:1)
  4 bats
  A rat (D:1)
39 creatures vanquished.

Notes
Turn   | Place    | Note
-------+----------+-------------------------------------------
     0 | D:5      | Coron the Deep Dwarf Delver began the quest for the Orb.
     0 | D:5      | Reached XP level 1. HP: 20/20 MP: 1/1
   108 | D:5      | Noticed an ice beast
   225 | D:5      | Found a runed translucent gate.
   225 | D:5      | Found a runed translucent gate.
   225 | D:5      | Found a runed translucent gate.
   226 | D:5      | Noticed Jingleheimer's ghost (novice FoFi)
   252 | D:4      | Noticed an ogre
   261 | D:4      | Noticed a phantom
   273 | D:4      | Found a runed translucent door.
   274 | D:4      | Noticed Crazy Yiuf
   307 | D:4      | Noticed an iguana
   372 | D:3      | Noticed Jessica
   524 | D:1      | Reached skill level 1 in Armour
   524 | D:1      | Reached XP level 2. HP: 20/27 MP: 2/2
  1116 | D:2      | Noticed Sigmund
  1196 | D:2      | Noticed Terence
  1223 | D:2      | Noticed Robin
  1246 | D:2      | Killed Robin
  1247 | D:2      | Reached XP level 3. HP: 9/34 MP: 3/3
  1293 | D:2      | Identified the +3 trident "Niteurcho" {flame, rPois}
  1435 | D:2      | Killed Terence
  1462 | D:2      | Found a faded altar of an unknown god.
  1567 | D:2      | Reached XP level 4. HP: 38/42 MP: 3/3
  1653 | D:2      | Prayed at the altar of an unknown god.
  1653 | D:2      | Became a worshipper of Lugonu the Unformed
  1653 | D:2      | Reached * piety under Lugonu
  1653 | D:2      | Reached ** piety under Lugonu
  2017 | D:3      | Killed Jessica
  2363 | D:3      | Reached XP level 5. HP: 37/50 MP: 4/4
  2491 | D:3      | Annihilated by an ogre

Illustrated notes

Levels and vault maps discovered:
D:1:      minmay_arrival_five_plusses, layout_basic, st_stairs_10,
          serial_bayou_pond_b
D:2:      layout_basic, hellmonk_ecumenical_altar_leap_of_faith, uniq_robin,
          uniq_terence, uniq_sigmund
D:3:      layout_loops_ring, uniq_jessica
D:4:      layout_rooms, mainiacjoe_overflow_chevrons,
          nemelex_spade_bored_becter, lemuel_doored_altar,
          chequers_serial_rivers_small_b, chequers_serial_rivers_micro_a,
          guppyfry_early_orc_mine, uniq_crazy_yiuf_cottage
D:5:      layout_basic, gammafunk_ghost_necromancy, nicolae_fountain_basement

Skill      XL: |  1  2  3  4 |
---------------+-------------+-----
Armour         | 1 2 3 |  3.3
Fighting       | 3 4 |  4.0
Axes           | 3 |  3.0
Dodging        | |  2.1
Stealth        | |  6.0

Action                   |  1- 3 |  4- 6 || total
-------------------------+-------+-------++-------
Melee: Hand axe          |    67 |       ||    67
       Punch             |     1 |       ||     1
       Trident           |    16 |    27 ||    43
 Abil: Heal Wounds       |     1 |       ||     1
  Use: Scroll            |     4 |     1 ||     5
       Potion            |     1 |     1 ||     2
 Stab: Sleeping          |     6 |     3 ||     9
Armor: Leather armour    |     6 |       ||     6
       Ring mail         |    27 |     9 ||    36
Dodge: Dodged            |    60 |    11 ||    71
